 Dungeon Crawl Stone Soup version 0.27.1 (webtiles) character file.

Game seed: 3466191533310920351

113 AIAndy the Magician (level 5, 0/35 HPs)
             Began as a Djinni Air Elementalist on Aug 30, 2021.
             Was a Believer of Fedhas.
             Killed by their own static electricity (2 damage)
             ... on level 4 of the Dungeon.
             The game lasted 00:09:58 (3560 turns).

AIAndy the Magician (Djinni Air Elementalist)       Turns: 3560, Time: 00:09:59

Health: 0/35       AC:  4    Str:  8    XL:     5   Next: 17%
Gold:   69         EV: 12    Int: 17    God:    Fedhas [**....] SH:  0 Dex: 19

rFire    + + +     SeeInvis .   b - +0 dagger
rCold    . . .     Faith    .   (no shield)
rNeg     . . .     Spirit   .   a - +0 robe
rPois    ∞         Reflect  .   g - +2 hat
rElec    .         Harm     .   h - scarf {rC+ rF+}
rCorr    .         Rampage  .   (no gloves)
Will     .....                  (boots unavailable)
Stlth    ++........             (no amulet)
HPRegen  0.11/turn              D - +6 ring of dexterity
MPRegen  0.00/turn              (no ring)

@: flying
A: sickness immunity, fire resistance 2, cold vulnerability 1, float, innate
caster, hp casting, extra vitality 1
a: Renounce Religion, Wall of Briars


You were on level 4 of the Dungeon.
You worshipped Fedhas.
Fedhas was pleased with you.
You visited 1 branch of the dungeon, and saw 4 of its levels.

You collected 69 gold pieces.


Innate Abilities, Weirdness & Mutations

You are immune to sickness and miasma.
You are immune to poison.
Your flesh is very heat resistant. (rF++)
You are vulnerable to cold. (rC-)
You float through the air rather than walking.
You learn spells naturally, not from books.
Your magical power is your life essence.
You have superior vitality. (+4 HP)


   Skills:
 - Level 2.1 Dodging
 - Level 1.5 Stealth
 + Level 4.2 Spellcasting


You couldn't memorise any spells.
You knew the following spells:

 Your Spells              Type           Power      Damage    Failure   Level
a - Airstrike             Air            9%         N/A       26%         4
c - Corona                Hex            20%        N/A       2%          1
i - Swiftness             Air            18%        N/A       8%          3
r - Corpse Rot            Necr/Air       N/A        N/A       4%          2
t - Static Discharge      Conj/Air       18%        N/A       4%          2
z - Shock                 Conj/Air       72%        1d7       2%          1
Your spell library was empty.

Inventory:

Hand Weapons
 b - a +0 dagger (weapon)
Armour
 a - a +0 robe (worn)
 g - a +2 hat (worn)
 h - a scarf of resistance (worn)
Jewellery
 D - a +6 ring of dexterity (left hand)
Scrolls
 c - a scroll of identify {@r1}
Potions
 d - a potion of resistance
 f - a potion of attraction

Dungeon Overview and Level Annotations

Branches:
Dungeon (4/15)
 Temple: D:4-7

Altars:
Fedhas

*#..............##
#...............#
*#..............#
*#......###'#### ***
##.†#...#≈≈≈≈≈# *,****
#...##..#≈≈≈≈≈# *,,..#***
#...###.#≈≈≈≈≈#
*,,.....####†.######≈≈≈≈≈#
*,,.......@.....#**###+###
*,,...(....####....#**,,,**
*,,.......## *###...,,,,,,
*,,......#* **##,,,,*,
*,,.....#* *,,,,**
*,,....#* **,,** *,,...#*
*,,* ***..#* *,,* **,,**
*,,*


There were no monsters in sight!


Message History

Okay, then.
As you read the scroll labelled BOFIYCK KUIDO, it crumbles to dust.
You feel aware of your surroundings.
You sensed 1 altar, and 1 shop/portal.
It was a scroll of magic mapping.
The water moccasin bites you but does no damage.
As you read the scroll labelled OMORHA TESHEH, it crumbles to dust.
It is a scroll of enchant armour.
Your +1 hat glows green for a moment.
The water moccasin misses you. The water moccasin closely misses you.
Casting: Static Discharge (safe; 4% risk of failure)
Confirm with . or Enter, or press ? or * to list all spells.
The water moccasin is struck by an arc of lightning!
The water moccasin is severely wounded.
You are struck by an arc of lightning.
* * * LOW HITPOINT WARNING * * *
The water moccasin is struck by an arc of lightning!
The water moccasin is almost dead.
The lightning grounds out.
* * * LOW HITPOINT WARNING * * *
The water moccasin bites you.
* * * LOW HITPOINT WARNING * * *
Casting: Static Discharge (safe; 4% risk of failure)
Confirm with . or Enter, or press ? or * to list all spells.
The water moccasin is struck by an arc of lightning.
You kill the water moccasin!
Fedhas appreciates your contribution to the ecosystem.
You can now encircle yourself with summoned briar patches.
You are struck by an arc of lightning.
You die...
Fedhas appreciates your contribution to the ecosystem.

Skill      XL: |  1  2  3  4 |
---------------+-------------+-----
Spellcasting   | 3 4 |  4.2
Dodging        | |  2.1
Stealth        | |  1.5

Action                   |  1- 3 |  4- 6 || total
-------------------------+-------+-------++-------
 Cast: Shock             |    62 |    79 ||   141
       Static Discharge  |     1 |     2 ||     3
  Use: Scroll            |       |     5 ||     5
Armor: Robe              |     1 |     3 ||     4
Dodge: Dodged            |     3 |     6 ||     9

Levels and vault maps discovered:
D:1:      minmay_arrival_plants_in_alcoves, layout_basic
D:2:      layout_rooms, dreamdust_ecumenical_altar_hidden_monk_grotto
D:3:      layout_basic
D:4:      layout_cave_pods, serial_shops, nicolae_shop_stone,
          kennysheep_nondescript, chequers_serial_rivers_room_b,
          minmay_ruined_shrine, uniq_sigmund

Notes
Turn   | Place    | Note
-------+----------+-------------------------------------------
     0 | D:1      | AIAndy the Djinni Air Elementalist began the quest for the
                  | Orb.
     0 | D:1      | Reached XP level 1. HP: 15/15 MP: 0/0
   190 | D:1      | Reached XP level 2. HP: 18/21 MP: 0/0
   291 | D:1      | Reached skill level 3 in Spellcasting
   666 | D:1      | Reached XP level 3. HP: 22/25 MP: 0/0
   666 | D:1      | Learned a level 1 spell: Corona
  1600 | D:2      | Reached XP level 4. HP: 26/31 MP: 0/0
  1979 | D:2      | Identified a scarf of resistance
  2163 | D:2      | Found a faded altar of an unknown god.
  2170 | D:2      | Became a worshipper of Fedhas Madash
  2170 | D:2      | Reached * piety under Fedhas
  2202 | D:3      | Identified a potion of resistance
  2309 | D:3      | Reached skill level 4 in Spellcasting
  2868 | D:3      | Reached XP level 5. HP: 29/35 MP: 0/0
  2868 | D:3      | Learned a level 2 spell: Corpse Rot
  3548 | D:4      | Noticed a water moccasin
  3560 | D:4      | Killed a water moccasin
  3560 | D:4      | Reached ** piety under Fedhas
  3560 | D:4      | Killed from afar by themself

Vanquished Creatures
  A water moccasin (D:4)
  4 adders
  A worm (D:3)
  3 dart slugs
  An orc (D:3)
  3 endoplasms
  3 giant cockroaches
  5 goblins
  9 hobgoblins
  3 jackals (D:1)
  4 quokkas
  10 ball pythons
  4 bats
  4 kobolds
  12 rats
67 creatures vanquished.

Table legend: (Time is in decaauts)
 A = Elapsed time spent in this place.
 B = Non-inter-level travel time spent in this place.
 C = Inter-level travel time spent in this place.
 D = Time resting spent in this place.
 E = Time spent auto-exploring this place.
 F = Levels seen in this place.
 G = Mean time per level.
                   A        B        C        D        E       F      G
               +--------+--------+--------+--------+--------+-----+--------+
         Total |   3559 |   3491 |     68 |      0 |   3188 |   4 |  889.8 |
       Dungeon |   3559 |   3491 |     68 |      0 |   3188 |   4 |  889.8 |
               +--------+--------+--------+--------+--------+-----+--------+

Top non-repeatable levels by time:
     D:1: 1396 daAuts
     D:3: 1254 daAuts
     D:2: 801 daAuts
     D:4: 107 daAuts

Table legend:
 A = Non-vault XP
 B = Vault XP
 C = Vault XP percentage of total XP
 D = Non-vault monster count
 E = Vault monster count
 F = Vault count percentage of total count
                 A         B        C        D         E       F
            +---------+---------+-------+---------+---------+-------
      Total |     307 |       0 |   0.0 |      67 |       0 |   0.0
            +---------+---------+-------+---------+---------+-------
        D:1 |      45 |       0 |   0.0 |      30 |       0 |   0.0
        D:2 |      61 |       0 |   0.0 |      16 |       0 |   0.0
        D:3 |      53 |       0 |   0.0 |      18 |       0 |   0.0
        D:4 |     148 |       0 |   0.0 |       3 |       0 |   0.0
            +---------+---------+-------+---------+---------+-------
